 Dungeon Crawl Stone Soup version 0.32-a0-799-g95e1662365 (webtiles) character file.

Game seed: 9458773208288760089

50447 Gogs the Severer (level 14, -2/126 (127) HPs)
             Began as a Mountain Dwarf Fighter on Mar 15, 2024.
             Was the Champion of Nemelex Xobeh.
             Slain by Kirke the ghost moth (10 damage)
             ... on level 13 of the Dungeon on Mar 21, 2024.
             The game lasted 01:55:16 (23890 turns).

Gogs the Severer (Mountain Dwarf Fighter)          Turns: 23890, Time: 01:55:16

HP:   -2/126 (127)  AC:  0    Str: 20 (22) XL:     14   Next: 19%
MP:   7/23          EV: 12    Int: 10 (11) God:    Nemelex Xobeh [******]
Gold: 783           SH:  0    Dex:  8 (9)  Spells: 13/13 levels left

rFire   . . .        a - melded +1 broad axe (venom)
rCold   . . .        n - melded +0 kite shield
rNeg    . . .        O - melded +18 Lear's hauberk
rPois   .            (helmet currently unavailable)
rElec   .            C - melded +2 cloak
rCorr   .            (gloves currently unavailable)
SInv    .            (boots currently unavailable)
Will    +....        p - amulet of magic regeneration
Stlth   +            T - melded ring of see invisible
HPRegen 0.41/turn    V - melded ring of willpower
MPRegen 0.58/turn

%: no passive effects
@: mighty, about to teleport, pig-form, lightly drained, very quick
A: fast, no casting, small, runic magic, artefact enchanting
a: Renounce Religion, Draw Escape, Draw Destruction, Draw Summoning, Triple
Draw, Deal Four, Stack Five


You were on level 13 of the Dungeon.
You worshipped Nemelex Xobeh.
Nemelex Xobeh was exalted by your worship.
You were a filthy swine.
You visited 3 branches of the dungeon, and saw 18 of its levels.
You also visited: Sewer.

You collected 1144 gold pieces.
You spent 361 gold pieces at shops.

Inventory:

Hand Weapons
 a - a +1 broad axe of venom (melded)
 b - a +0 war axe of flaming
 j - the +10 whip of the Iron City of Dis {antimagic, Fly rPois rCorr Dex+4}
   (You found it on level 2 of the Dungeon)

   Dex+4:     It affects your dexterity (+4).
   rPois:     It protects you from poison.
   Fly:       It grants you flight.
   rCorr:     It protects you from acid and corrosion.
 K - a +3 sling of flaming
Missiles
 l - 66 poisoned darts
 t - 20 boomerangs (quivered)
 x - 4 curare-tipped darts
 M - 2 javelins
Armour
 g - a +2 helmet
 n - a +0 kite shield (melded)
 C - a +2 cloak (melded)
 L - a +0 plate armour
 O - the +18 Lear's hauberk (melded)
   (You found it on level 10 of the Dungeon)
 R - a +0 pair of gloves
Jewellery
 f - a ring of protection from cold
 p - an amulet of magic regeneration (around neck)
 N - a ring of ice
 Q - a ring of protection from fire
 T - a ring of see invisible (melded)
 V - a ring of willpower (melded)
 Y - a ring of fire
Wands
 r - a wand of digging (10)
 v - a wand of mindburst (49)
 D - a wand of flame (28)
 G - a wand of charming (15)
 I - a wand of roots (8)
 S - a wand of acid (16)
Scrolls
 e - a scroll of blinking
 h - 2 scrolls of summoning
 o - 4 scrolls of teleportation
 q - a scroll of immolation
 w - a scroll of poison
 y - 5 scrolls of fog
 F - a scroll of revelation
 H - 2 scrolls of identify
 P - 2 scrolls of fear
 U - 3 scrolls of enchant armour
 W - a scroll of amnesia
Potions
 c - 3 potions of lignification
 d - 3 potions of might
 i - 2 potions of cancellation
 k - 5 potions of brilliance
 m - a potion of enlightenment {unknown}
 s - 6 potions of curing
 u - 2 potions of attraction
 z - 4 potions of heal wounds
 A - 3 potions of invisibility
 B - 2 potions of mutation
 E - a potion of haste {unknown}
 J - 8 potions of ambrosia


   Skills:
 + Level 12.7 Fighting
 - Level 18.0 Axes
 - Level 12.0 Armour
 - Level 10.0 Shields
 * Level 13.0 Invocations


You had 13 spell levels left.
You didn't know any spells.
Your spell library contained the following spells:

 Spells                   Type           Power      Damage    Failure   Level
 Freeze                   Ice            0%         1d3       36%         1
 Magic Dart               Conj           0%         1d3       36%         1
 Searing Ray              Conj           0%         2d4       50%         2
 Frozen Ramparts          Ice            0%         1d1       75%         3
 Fugue of the Fallen      Necr           0%         N/A       75%         3
 Inner Flame              Hex/Fire       0%         N/A       75%         3
 Ozocubu's Armour         Ice            0%         N/A       75%         3
 Sigil of Binding         Hex            0%         N/A       75%         3
 Brom's Barrelling Bould  Conj/Erth      0%         2d3       98%         4
 Flame Wave               Conj/Fire      0%         2d4       98%         4
 Fulminant Prism          Conj/Alch      0%         3d5       98%         4
 Leda's Liquefaction      Alch/Erth      0%         N/A       98%         4
 Manifold Assault         Tloc           0%         N/A       98%         4
 Passage of Golubria      Tloc           0%         N/A       98%         4
 Petrify                  Alch/Erth      0%         N/A       98%         4
 Freezing Cloud           Conj/Ice/Air   0%         6-21      100%        5
 Irradiate                Conj/Alch      0%         3d11      100%        5
 Metabolic Englaciation   Hex/Ice        0%         N/A       100%        5
 Silence                  Hex/Air        0%         N/A       100%        5
 Bombard                  Conj/Erth      0%         9d1       100%        6
 Conjure Ball Lightning   Conj/Air       0%         3x3d6     100%        6
 Death Channel            Necr           0%         N/A       100%        6
 Dispersal                Tloc           0%         N/A       100%        6
 Sculpt Simulacrum        Ice/Alch       0%         N/A       100%        6
 Discord                  Hex            0%         N/A       100%        8
 Disjunction              Tloc           0%         N/A       100%        8
 Ignition                 Fire           0%         3d3       100%        8
 Lehudib's Crystal Spear  Conj/Erth      0%         10d2      100%        8


Dungeon Overview and Level Annotations

Branches:
Dungeon (13/15)            Temple (1/1) D:6            Lair (4/5) D:9
 Shoals (0/4) Lair:3        Snake (0/4) Lair:3        Slime (0/5) Lair:4
    Orc (0/2) D:10          Sewer (visited)
 Vaults: D:13-14

Altars:
Ashenzari
Cheibriados
Dithmenos
Elyvilon
Fedhas
Gozag
Hepliaklqana
Kikubaaqudgha
Makhleb
Nemelex Xobeh
Okawaru
Qazlal
Ru
Sif Muna
Trog
Uskayaw
Vehumet
Wu Jian
Xom
Yredelemnul
Zin
The Shining One
Jiyva

Shops:
D:4 *   D:6 ?

Annotations:
D:13 Kirke


Innate Abilities, Weirdness & Mutations

You are a filthy swine.
You move quickly.
Your equipment is almost entirely melded.
You are incapable of wielding weapons or throwing items.
You cannot cast spells.
Your spellcasting is much less encumbered by armour.
You can use scrolls of enchantment on lesser artefacts.


Message History

You hit Kirke.
Kirke is lightly wounded.
You hit Kirke.
Kirke is lightly wounded.
Kirke points at you and mumbles some strange words.
You resist with significant effort.
Okay, then.
You draw a card...
You have drawn Degeneration.
Kirke evaporates and reforms as something you cannot see!
Deactivating autopickup; reactivate with Ctrl-A.
The hog evaporates and reforms as a giant cockroach!
The giant cockroach twists and deforms.
You bite something! Something hits you! x2
You feel weakened. Something stings you!
You feel very mighty all of a sudden. Something barely misses you.
Something hits you! Something stings you!
You feel dopey.
You barely miss something. Something hits you.
You feel weakened. Something hits you. Something stings you!
Okay, then.
As you read the scroll of teleportation, it crumbles to dust.
You feel strangely unstable.
You feel you are being watched by something.
You feel your power leaking away. Something hits you!
* * * LOW HITPOINT WARNING * * *
Something hits you.
* * * LOW HITPOINT WARNING * * *
Something stings you!
* * * LOW HITPOINT WARNING * * *
You feel you are being watched by something.
You feel your power leaking away. Something hits you.
* * * LOW HITPOINT WARNING * * *
You feel clumsy. Something hits you!
You die...
Your body glows with a rainbow of weird colours and disappears.

.... ... hh.## ... #.# ###
#.# #.# #.# #.# #######
###########.# #......
#........##.## #.#####
#.##.#..B{h..########.#####
#.###.##.##.........†....##
#.# #.##.#...########.##.##
... ..##......# #.##.##
.#.######.#...## #..)...
#.#.# #.##.## ####.## # #..
..##.# #...# #.. ...##.#
#.### #h## .###' #.#


You could see a giant cockroach (misshapen).

Vanquished Creatures
  Gastronok (Lair:1)
  The ghost of Munuj the Summoner, a journeyman MDFi of Cheibriados (Lair:4)
  Snorg (Lair:4)
  5 hydras (Lair:2)
  A centaur warrior (D:13)
  A catoblepas (Lair:2)
  A boulder beetle (Lair:1)
  3 two-headed ogres
  A tengu warrior (D:10)
  A death yak (D:9)
  An occultist (D:12)
  2 deep elf pyromancers (D:13)
  4 ugly things
  An oklob plant (Lair:2)
  2 manticores
  4 cyclopes
  3 meliai (D:13)
  A merfolk siren (Lair:3)
  6 elephants (Lair:1)
  A gargoyle (D:12)
  2 black mambas
  A torpor snail (Lair:1)
  A cane toad (Lair:2)
  An unseen horror (D:12)
  A kobold demonologist (D:9)
  4 rime drakes
  6 komodo dragons
  A queen bee (D:9)
  5 trolls
  3 polar bears (Lair:3)
  2 hornets (D:11)
  3 blink frogs (Lair:4)
  4 dream sheep (Lair:3)
  A ynoxinul (D:8)
  3 centaur simulacra (D:11)
  A shadow (D:11)
  5 wraiths
  40 yaks
  8 wyverns
  Eustachio (D:6)
  5 hogs
  A steam dragon (Lair:3)
  8 basilisks
  6 vampire mosquitoes (D:12)
  18 water moccasins
  A hydra simulacrum (Lair:4)
  Duvessa (D:4)
  A sky beast (D:6)
  3 orc warriors
  A meliai simulacrum (D:11)
  5 ice beasts
  2 laughing skulls (D:13)
  2 black bears
  2 ogres
  5 wolves
  7 centaurs
  9 kobold brigands
  13 bullfrogs
  A gnoll sergeant (D:12)
  2 scorpions (D:6)
  6 wights
  Dowan (D:4)
  The ghost of SageDae the Cudgeller, a weakling MDFi (D:3)
  25 killer bees
  A lindwurm simulacrum (Lair:4)
  A rime drake simulacrum (Lair:4)
  An electric eel (D:11)
  A bombardier beetle (D:6)
  2 centaur zombies (D:7)
  A fire crab simulacrum (Lair:4)
  A komodo dragon simulacrum (Lair:4)
  A hound (D:4)
  6 orc priests
  A jelly (D:3)
  4 iguanas
  10 orc wizards
  2 sleepcaps
  2 ogre zombies (D:7)
  A mummy (D:7)
  8 gnolls
  18 adders
  2 river rats (Sewer)
  3 white imps
  An ufetubus (D:11)
  3 ribbon worms
  2 dart slugs
  58 orcs
  5 endoplasms
  3 giant cockroaches
  7 goblins
  11 hobgoblins
  11 jackals
  3 quokkas
  11 ball pythons
  5 bats
  5 frilled lizards
  64 kobolds
  23 rats
538 creatures vanquished.

Vanquished Creatures (collateral kills)
  Josephine (D:10)
  Maurice (D:10)
  A cane toad (Lair:3)
  An unseen horror (D:11)
  A hornet (D:9)
  3 dream sheep (Lair:3)
  A wight (D:7)
  10 killer bees (D:9)
  2 orc priests (D:10)
  4 orc wizards
  6 orcs
  A kobold (D:9)
32 creatures vanquished.

Grand Total: 570 creatures vanquished

Notes
Turn   | Place    | Note
-------+----------+-------------------------------------------
     0 | D:1      | Gogs the Mountain Dwarf Fighter began the quest for the
                  | Orb.
     0 | D:1      | Reached XP level 1. HP: 19/19 MP: 1/1
    83 | D:1      | Found a faded altar of an unknown god.
    89 | D:1      | Reached XP level 2. HP: 20/26 MP: 2/2
   282 | D:1      | Reached skill level 3 in Axes
   412 | D:1      | Got Hutoth's Anthology of the Boulder and Congelation
   516 | D:1      | Reached XP level 3. HP: 30/31 MP: 3/3
  1089 | D:2      | Identified the +10 whip of the Iron City of Dis {antimagic,
                  | Fly rPois rCorr Dex+4}
  1351 | D:2      | Reached XP level 4. HP: 29/40 MP: 1/4
  1558 | D:3      | Reached skill level 4 in Axes
  1569 | D:3      | You are sucked into a shaft and drop 1 floor!
  1661 | D:4      | Reached XP level 5. HP: 9/46 MP: 1/5
  1862 | D:4      | Noticed Duvessa
  1865 | D:3      | Noticed SageDae's ghost (weakling MDFi)
  1865 | D:3      | Found a runed translucent door.
  1923 | D:3      | Found a sacrificial altar of Ru.
  1924 | D:3      | Found a blossoming altar of Fedhas.
  1926 | D:3      | Found a sparkling altar of Nemelex Xobeh.
  1932 | D:3      | Found an ancient bone altar of Kikubaaqudgha.
  1937 | D:3      | Found a radiant altar of Vehumet.
  1937 | D:3      | Found an opulent altar of Gozag.
  1938 | D:3      | Found a glowing silver altar of Zin.
  2345 | D:3      | Killed SageDae's ghost
  2348 | D:3      | Reached skill level 5 in Shields
  2547 | D:4      | Killed Duvessa
  2548 | D:4      | Reached skill level 5 in Axes
  2548 | D:4      | Reached XP level 6. HP: 48/53 MP: 2/6
  2716 | D:4      | Noticed Dowan
  2722 | D:4      | Killed Dowan
  2755 | D:4      | Found Ciesin's Fire Supplies.
  3081 | D:4      | Reached skill level 6 in Axes
  3126 | D:4      | Reached XP level 7. HP: 60/60 MP: 2/7
  3367 | D:5      | Entered Level 5 of the Dungeon
  3406 | D:5      | Reached skill level 5 in Armour
  3481 | D:5      | Reached skill level 5 in Fighting
  3772 | D:4      | Reached skill level 7 in Axes
  4455 | D:5      | Reached XP level 8. HP: 70/70 MP: 2/8
  5047 | D:4      | Bought a +2 sling of flaming for 191 gold pieces
  5100 | D:3      | Became a worshipper of Nemelex Xobeh the Trickster
  5243 | D:6      | Reached skill level 8 in Axes
  5243 | D:6      | Reached skill level 1 in Invocations
  5282 | D:6      | Found a glowing drain.
  5288 | Sewer    | Entered a sewer
  5969 | D:6      | Noticed Eustachio
  5989 | D:6      | Killed Eustachio
  5990 | D:6      | Reached skill level 9 in Axes
  6217 | D:6      | Reached XP level 9. HP: 70/78 MP: 3/11
  6325 | D:6      | Found a staircase to the Ecumenical Temple.
  6334 | Temple   | Entered the Ecumenical Temple
  6694 | D:6      | Found The Oracle's Delphic Readings.
  6990 | D:7      | Reached * piety under Nemelex Xobeh
  7095 | D:7      | Received a gift from Nemelex Xobeh
  7508 | D:7      | Reached skill level 10 in Axes
  7737 | D:7      | Received a gift from Nemelex Xobeh
  7924 | D:7      | Reached skill level 5 in Invocations
  8030 | D:7      | Found a shimmering altar of Xom.
  8031 | D:7      | Found a hazy altar of Hepliaklqana.
  8032 | D:7      | Noticed a spectral ugly thing
  8297 | D:8      | Reached skill level 11 in Axes
  8730 | D:8      | Found a shimmering blue altar of Sif Muna.
  8736 | D:8      | Reached XP level 10. HP: 70/88 MP: 14/14
  8939 | D:8      | Got Sif Muna's Directory of Blows
  8944 | D:8      | Found a bloodstained altar of Trog.
  9209 | D:8      | Reached ** piety under Nemelex Xobeh
  9964 | D:9      | Identified the +3 trident of Silomic {venom, ^Fragile Fly
                  | Int+2 Dex+2}
  9995 | D:9      | Noticed a sun demon
 10117 | D:9      | Reached skill level 12 in Axes
 10318 | D:9      | Received a gift from Nemelex Xobeh
 10932 | D:9      | Found a staircase to the Lair.
 10938 | D:9      | Noticed a soul eater
 11057 | D:9      | Paralysed by a hornet for 2 turns
 11315 | D:9      | Reached skill level 13 in Axes
 11481 | D:9      | Reached XP level 11. HP: 83/97 MP: 17/17
 11811 | D:9      | Received a gift from Nemelex Xobeh
 11866 | D:10     | Entered Level 10 of the Dungeon
 11934 | D:10     | Noticed Josephine
 12148 | D:10     | Killed Josephine
 12168 | D:10     | Reached *** piety under Nemelex Xobeh
 12213 | D:10     | Noticed a two-headed ogre
 12215 | D:10     | Killed a two-headed ogre
 12484 | D:10     | Noticed Maurice
 12497 | D:10     | Killed Maurice
 12632 | D:10     | Found a staircase to the Orcish Mines.
 12753 | D:10     | Noticed a tengu warrior
 12975 | D:10     | Killed a tengu warrior
 12980 | D:10     | Found the +18 Lear's hauberk
 13203 | D:10     | Reached skill level 14 in Axes
 13748 | D:11     | Reached skill level 10 in Armour
 13752 | D:11     | Reached skill level 10 in Fighting
 13932 | D:11     | Received a gift from Nemelex Xobeh
 13952 | D:11     | Reached XP level 12. HP: 103/106 MP: 19/19
 14197 | D:11     | Noticed a two-headed ogre
 14210 | D:11     | Killed a two-headed ogre
 14211 | D:11     | Reached skill level 15 in Axes
 14211 | D:11     | Reached skill level 10 in Invocations
 14759 | Lair:1   | Entered Level 1 of the Lair of Beasts
 14771 | Lair:1   | Noticed a death yak
 14807 | D:9      | Killed a death yak
 14840 | Lair:1   | Upgraded the game from 0.32-a0-711-g016ad743e0 to
                  | 0.32-a0-791-gfc315c9ecd
 14907 | Lair:1   | Reached skill level 16 in Axes
 14909 | Lair:1   | Noticed Gastronok
 15134 | Lair:1   | Reached **** piety under Nemelex Xobeh
 15315 | Lair:1   | Received a gift from Nemelex Xobeh
 15331 | Lair:1   | Noticed a boulder beetle
 15374 | Lair:1   | Killed a boulder beetle
 15640 | Lair:1   | Killed Gastronok
 16131 | Lair:2   | Noticed an eight-headed hydra
 16144 | Lair:2   | Killed a one-headed hydra
 16334 | Lair:2   | Received a gift from Nemelex Xobeh
 16494 | Lair:2   | Noticed a catoblepas
 16523 | Lair:2   | Killed a catoblepas
 16524 | Lair:2   | Reached XP level 13. HP: 90/115 MP: 22/22
 16841 | Lair:2   | Found the +1 robe of Vines {NoPotionHeal Regen++++}
 17867 | Lair:2   | Upgraded the game from 0.32-a0-791-gfc315c9ecd to
                  | 0.32-a0-799-g95e1662365
 17986 | Lair:3   | Reached ***** piety under Nemelex Xobeh
 18108 | Lair:3   | Received a gift from Nemelex Xobeh
 18281 | Lair:3   | Reached skill level 10 in Shields
 18290 | Lair:3   | Found a staircase to the Snake Pit.
 18478 | Lair:3   | Found a staircase to the Shoals.
 19294 | Lair:4   | Noticed Munuj's ghost (journeyman MDFi)
 19301 | Lair:4   | Received a gift from Nemelex Xobeh
 19352 | Lair:4   | Found a runed translucent gate.
 19352 | Lair:4   | Found a runed translucent gate.
 19352 | Lair:4   | Found a runed translucent gate.
 19849 | Lair:4   | Received a gift from Nemelex Xobeh
 19855 | Lair:4   | Noticed Snorg
 19878 | Lair:4   | Killed Snorg
 20079 | Lair:4   | Found a staircase to the Slime Pits.
 20080 | Lair:4   | Found a viscous altar of Jiyva.
 20459 | Lair:4   | Killed Munuj's ghost
 20692 | D:6      | Bought a scroll of enchant armour for 75 gold pieces
 20692 | D:6      | Bought a scroll of enchant weapon for 75 gold pieces
 20692 | D:6      | Bought a scroll of identify for 20 gold pieces
 20869 | D:12     | Reached skill level 17 in Axes
 20937 | D:12     | Received a gift from Nemelex Xobeh
 22241 | D:12     | Reached XP level 14. HP: 88/127 MP: 23/23
 22454 | D:13     | Reached skill level 18 in Axes
 22823 | D:13     | Received a gift from Nemelex Xobeh
 22868 | D:13     | Noticed Kirke
 22956 | D:13     | Found a snail-covered altar of Cheibriados.
 23561 | D:13     | Reached ****** piety under Nemelex Xobeh
 23886 | D:13     | Kirke changed into something unseen
 23890 | D:13     | Slain by Kirke the ghost moth

Illustrated notes

Levels and vault maps discovered:
D:1:      minmay_arrival_nine_rooms, layout_basic,
          dreamdust_ecumenical_altar_angels_and_demons, kennysheep_small_spiral,
          minmay_misc_feat_doors
D:2:      layout_basic
D:3:      layout_rooms, grunt_temple_overflow_open, ebering_ghost_inner_flame,
          skrybe_limestone_x
D:4:      layout_loops_ring, nicolae_shop_fire_sale [nicolae_sub_dead_trees],
          uniq_duvessa
D:5:      kennysheep_kobold_camp, layout_basic
D:6:      layout_loops_ring, minmay_temple_entry_mist,
          mainiacjoe_sewer_entry_somewhere_in_here_1,
          nicolae_nh_oracle_at_delphi, uniq_eustachio
D:7:      layout_basic, regret_index_temple_of_mockery, minmay_mini_ossuary
D:8:      layout_loops_ring, nzn_overflow_gifts_of_might_and_magic
D:9:      layout_loops_ring, david_lair_generic, special_room
          [special_room_bee], grunt_ministairs_12
D:10:     layout_roguey, hiddenorc2_lemuel, hellmonk_guarded_unrand_lears,
          uniq_maurice, uniq_josephine
D:11:     layout_basic, serial_ice, serial_ice_b, serial_ice_n, serial_ice_l,
          serial_ice_d, serial_ice_m
D:12:     layout_gridville, grunt_ministairs_12
D:13:     layout_loops_corners, kennysheep_slug_shrine, uniq_kirke
Temple:   chequers_temple_sunken
Lair:1:   layout_chaotic_city, wad_woods_road_06, serial_bayou_shore_a,
          infiniplex_staircase_pool_2, uniq_gastronok
Lair:2:   layout_cave_pods, hellmonk_guarded_unrand_vines
Lair:3:   layout_cave_pods, minmay_shoals_entry_lonely_mermaid,
          minmay_snake_entry_six_corridors, grunt_megastairs_4
Lair:4:   layout_hall_layers, slime_entry_1, gammafunk_ghost_icy,
          serial_bayou_ford_a, lemuel_fruit_fields, uniq_snorg

Skill      XL: |  1  2  3  4  5  6  7  8  9 10 11 12 13 14 |
---------------+-------------------------------------------+-----
Axes           | 3 4 5 6 7 9 11 13 14 16 17 18 | 18.0
Shields        | 4 5 7 9 10 | 10.0
Fighting       | 4 5 6 7 9 10 12 | 12.7
Armour         | 4 5 6 7 9 10 12 | 12.0
Invocations    | 3 6 8 9 12 13 | 13.0

Action                     |  1- 3 |  4- 6 |  7- 9 | 10-12 | 13-15 || total
---------------------------+-------+-------+-------+-------+-------++-------
  Melee: War axe           |    98 |       |   173 |   865 |   231 ||  1367
         Whip              |    15 |   119 |   333 |     9 |    22 ||   498
         Broad axe         |       |       |       |       |   303 ||   303
         Unarmed           |       |       |       |       |     6 ||     6
  Throw: Boomerang         |       |       |       |     8 |       ||     8
 Invoke: Draw Summoning    |       |       |     1 |    10 |     1 ||    12
         Draw Destruction  |       |       |       |    23 |    18 ||    41
  Evoke: Wand              |       |       |     1 |       |       ||     1
    Use: Scroll            |     4 |     5 |    13 |     2 |     7 ||    31
         Potion            |       |       |     2 |       |     1 ||     3
 Armour: Scale mail        |    86 |    78 |   304 |       |       ||   468
         Chain mail        |       |       |   104 |   536 |   437 ||  1077
         Plate armour      |       |       |       |   311 |       ||   311
         Skin              |       |       |       |       |    15 ||    15
  Dodge: Dodged            |    50 |    36 |   172 |   232 |   120 ||   610
  Block: Buckler           |    24 |     7 |       |       |       ||    31
         Kite shield       |       |    34 |   281 |   432 |   260 ||  1007

Table legend: (Time is in decaauts)
 A = Elapsed time spent in this place.
 B = Non-inter-level travel time spent in this place.
 C = Inter-level travel time spent in this place.
 D = Time resting spent in this place.
 E = Time spent auto-exploring this place.
 F = Levels seen in this place.
 G = Mean time per level.
                   A        B        C        D        E       F      G
               +--------+--------+--------+--------+--------+-----+--------+
         Total |  23848 |  22479 |   1369 |   4691 |  12354 |  19 | 1255.2 |
       Dungeon |  17434 |  16267 |   1167 |   3718 |   8377 |  13 | 1341.1 |
        Temple |      1 |      1 |      0 |      0 |      0 |   1 |    1.0 |
          Lair |   5735 |   5534 |    201 |    919 |   3581 |   4 | 1433.8 |
         Sewer |    676 |    676 |      0 |     54 |    395 |   1 |  676.0 |
               +--------+--------+--------+--------+--------+-----+--------+

Top non-repeatable levels by time:
     D:9: 2260 daAuts
  Lair:2: 1835 daAuts
    D:12: 1723 daAuts
     D:8: 1718 daAuts
    D:10: 1642 daAuts
     D:5: 1466 daAuts
  Lair:3: 1374 daAuts
     D:4: 1307 daAuts
     D:6: 1269 daAuts
  Lair:4: 1263 daAuts
  Lair:1: 1261 daAuts
     D:7: 1229 daAuts
    D:11: 1187 daAuts
    D:13: 1184 daAuts
     D:3: 854 daAuts
